Map: Goldenaura LE

Players

SubN

  • Race: Zerg Zerg
  • League: Diamond
  • Spawn Location: 12:00

LEHFI - Winner!

  • Race: Terran Terran
  • League: Platinum
  • Spawn Location: 5:00

VOD

Have the link to the VOD?

Description

Time

  • Played on: Jan. 20, 2024, 3:02 p.m.
  • Length: 7:47
Show
View Real Time Build Order
Export as new Build Order

SubN Zerg 

Build Orders: Hatch First 

Get SALT Encoding   

  12  0:00  Drone  
  13  0:11  Overlord  
  13  0:16  Drone  
  14  0:30  Drone x2  
  17  0:35  Drone  
  17  0:50  Hatchery  
  17  0:56  Drone  
  17  0:58  Drone  
  18  1:10  Extractor  
  17  1:12  Spawning Pool  
  17  1:16  Drone  
  17  1:18  Drone  
  18  1:27  Drone  
  19  1:39  Overlord  
  19  1:49  Drone  
  20  1:59  Drone  
  20  2:00  Queen  
  23  2:02  Queen  
  23  2:03  Zergling x2  
  26  2:10  Zergling x2  
  26  2:13  Metabolic Boost  
  27  2:19  Zergling x2  
  27  2:21  Drone  
  29  2:30  Extractor  
  28  2:42  Extractor  
  28  2:52  Queen  
  28  2:55  Lair  
  28  2:56  Drone x6  
  33  3:09  Zergling x4  
  35  3:19  Zergling x4  
  29  3:36  Drone x6  
  33  3:45  Hatchery  
  31  3:50  Drone  
  31  3:51  Drone  
  33  3:56  Extractor  
  33  4:01  Queen  
  34  4:03  Drone  
  35  4:13  Drone  
  35  4:14  Overlord x2  
  35  4:30  Overlord x3  
  35  4:34  Drone x3  
  38  4:43  Drone  
  38  4:44  Drone  
  40  4:53  Roach Warren  
  40  4:55  Drone x2, Baneling Nest  
  40  4:56  Drone  
  40  4:58  Drone  
  42  5:01  Drone  
  42  5:03  Drone  
  42  5:05  Overseer  
  44  5:11  Queen  
  46  5:23  Drone x5  
  46  5:26  Extractor  
  46  5:27  Extractor  
  46  5:28  Drone x2  
  51  5:30  Drone  
  51  5:32  Drone  
  51  5:33  Drone  
  51  5:35  Drone  
  55  5:42  Centrifugal Hooks, Glial Reconstitution  
  55  5:47  Overlord  
  55  5:50  Overlord  
  55  5:58  Drone x5  
  55  6:02  Queen  
  62  6:13  Overseer  
  62  6:17  Drone x8  
  62  6:18  Drone  
  71  6:28  Drone x2  
  71  6:31  Overlord x2  
  73  6:34  Drone x5  
  73  6:36  Extractor  
  81  6:40  Roach x2  
  81  6:43  Overlord  
  81  6:55  Queen  
  81  6:56  Extractor  
  81  6:58  Zergling x12  
  88  7:05  Hatchery  
Show
View Real Time Build Order
Export as new Build Order

LEHFI Terran - Winner!

Build Orders:  

Get SALT Encoding   

  12  0:00  SCV  
  13  0:12  SCV  
  14  0:21  Supply Depot  
  14  0:25  SCV  
  15  0:30  Refinery  
  15  0:42  SCV  
  16  0:46  Barracks  
  16  0:54  SCV  
  17  1:04  Barracks  
  17  1:07  SCV  
  18  1:14  Refinery  
  18  1:22  SCV  
  19  1:33  Reaper  
  19  1:36  Orbital Command  
  20  1:51  Reaper  
  21  1:58  Supply Depot  
  21  2:02  SCV  
  21  2:05  Reaper  
  23  2:19  SCV  
  24  2:23  Reaper  
  25  2:37  Command Center, Reaper  
  26  2:55  Reaper  
  27  3:04  SCV  
  28  3:09  Factory  
  27  3:16  SCV  
  29  3:28  SCV  
  29  3:30  Command Center  
  29  3:44  Barracks Reactor  
  25  3:55  Barracks Tech Lab  
  25  4:00  Cyclone  
  25  4:01  SCV  
  25  4:02  Orbital Command, Starport  
  28  4:04  Refinery  
  28  4:13  SCV  
  29  4:24  Stimpack, Marine x2  
  28  4:25  SCV  
  28  4:26  Marine  
  32  4:37  Engineering Bay, SCV  
  33  4:40  Engineering Bay  
  33  4:43  Starport Reactor  
  34  4:45  SCV  
  34  4:49  SCV  
  34  4:50  Marine  
  36  4:56  Orbital Command  
  36  4:57  SCV  
  37  5:01  SCV  
  38  5:07  Terran Infantry Armor Level 1, Terran Infantry Weapons Level 1  
  38  5:10  SCV  
  38  5:11  Marine x2  
  38  5:12  Marine  
  38  5:13  SCV  
  43  5:22  SCV  
  43  5:23  SCV  
  43  5:24  Medivac x2  
  43  5:26  SCV  
  50  5:29  Marine x3  
  50  5:34  SCV, Widow Mine  
  56  5:36  SCV  
  56  5:38  SCV  
  58  5:45  Orbital Command  
  58  5:46  SCV  
  58  5:47  Barracks  
  60  5:50  SCV  
  60  5:52  Barracks  
  60  6:03  Marine, Combat Shield  
  61  6:24  Supply Depot  
  61  6:25  Supply Depot  
  61  6:26  Supply Depot, Factory Tech Lab  
  61  6:27  Supply Depot  
  61  6:28  Supply Depot, Armory  
  61  6:40  Bunker  
  61  6:44  Supply Depot, Marine x3  
  61  6:45  Refinery, SCV x3  
  61  6:46  Barracks Reactor x2  
  67  6:48  Siege Tank, Medivac  
  67  6:50  Barracks  
  72  6:57  SCV  
  73  7:02  Marine x2  
  75  7:09  SCV  
  75  7:21  SCV  
  74  7:34  SCV x3  
Tags
 
Add a new tag
Caveats
  • Supply blocks, unpowered buildings, or Contaminate may cause inaccurate times.
  • Supply counts are checked every 10 seconds.